 Dungeon Crawl Stone Soup version 0.25-a0-1015-g4819203062 (webtiles) character file.

Game seed: 17479487141179246060, levelgen mode: deterministic

354 Essalna the Firebug (level 6, -4/43 HPs)
             Began as a Human Fire Elementalist on May 12, 2020.
             Was an Initiate of Vehumet.
             Killed from afar by an orc (19 damage)
             ... with an exploding inner flame
             ... hexed by the player character
             ... on level 6 of the Dungeon.
             The game lasted 00:15:11 (5927 turns).

Essalna the Firebug (Human Fire Elementalist)       Turns: 5927, Time: 00:15:11

Health: -4/43      AC:  4    Str:  9      XL:     6   Next: 94%
Magic:  11/11      EV: 12    Int: 17      God:    Vehumet [......]
Gold:   243        SH:  3    Dex:  9 (13) Spells: 11/12 levels left

rFire    + . .     SeeInvis .   z - +0 hand axe
rCold    + . .     Gourm    .   y - +0 buckler
rNeg     . . .     Faith    .   a - +0 robe
rPois    +         Spirit   .   l - +1 helmet
rElec    +         Reflect  .   (no cloak)
rCorr    +         Harm     .   (no gloves)
MR       .....     Rnd*Tele +   (no boots)
Stlth    +++.......             (no amulet)
HPRegen  0.14/turn              j - ring of teleportation
MPRegen  0.12/turn              w - ring of stealth

@: mighty, resistant, berserk cooldown, flying, very slightly contaminated,
hasted and slowed
A: no striking features
a: Renounce Religion


You were on level 6 of the Dungeon.
You worshipped Vehumet.
Vehumet was noncommittal.
You were not hungry.

You visited 2 branches of the dungeon, and saw 7 of its levels.

You collected 243 gold pieces.

Inventory:

Hand Weapons
 h - a +0 short sword
 z - a +0 hand axe (weapon)
Armour
 a - a +0 robe (worn)
 l - a +1 helmet (worn)
 y - a +0 buckler (worn)
Jewellery
 j - a ring of teleportation (left hand)
 w - a ring of stealth (right hand)
Wands
 s - a wand of flame (8)
Scrolls
 b - 2 scrolls of remove curse
 d - 6 scrolls of identify
 f - 2 scrolls of enchant armour
 n - 2 scrolls of random uselessness
Potions
 e - a potion of brilliance
 i - a potion of might
 r - a potion of resistance
Comestibles
 c - 8 rations


   Skills:
 + Level 1.1 Fighting
 + Level 1.1 Armour
 + Level 2.5 Dodging
 - Level 2.0 Stealth
 + Level 0.7 Shields
 + Level 3.5 Spellcasting
 + Level 3.4 Conjurations
 + Level 4.4 Fire Magic


You had 11 spell levels left.
You knew the following spells:

 Your Spells              Type           Power        Failure   Level  Hunger
a - Foxfire               Conj/Fire      ###.         4%          1    None

Your spell library contained the following spells:

 Spells                   Type           Power        Failure   Level  Hunger
 Conjure Flame            Conj/Fire      ###.....     16%         3    ###....
 Inner Flame              Hex/Fire       ##......     30%         3    ###....
 Sticky Flame             Conj/Fire      ###.....     45%         4    ####...
 Confusing Touch          Hex            #.......     58%         3    ###....
 Gell's Gravitas          Tloc           #.........   58%         3    ###....
 Fireball                 Conj/Fire      ###.......   80%         5    ######.
 Petrify                  Tmut/Erth      #.......     94%         4    ####...
 Metabolic Englaciation   Hex/Ice        #.........   100%        5    ######.
 Yara's Violent Unravell  Hex/Tmut       #.........   100%        5    ######.


Dungeon Overview and Level Annotations

Branches:
Dungeon (6/15)             Temple (1/1) D:4

Altars:
Ashenzari
Cheibriados
Dithmenos
Fedhas
Gozag
Hepliaklqana
Kikubaaqudgha
Makhleb
Nemelex Xobeh
Okawaru
Qazlal
Ru
Sif Muna
Vehumet
Wu Jian
Xom
Zin
The Shining One


Message History

The orc closely misses you. The orc completely misses you.
The orc wizard closely misses you. The orc completely misses you.
The orc closely misses you. The orc wizard casts a spell at you.
The puff of frost hits you. You resist. The orc hits you with a +0 short sword.
You feel less invigorated.
You flicker back into view.
You feel less confused. The orc misses you. The orc wizard closely misses you.
The orc hits you with a +0 short sword.
You hit the orc.
Flame seeps out of the orc.
The orc is heavily wounded.
You hit the orc wizard.
Flame seeps out of the orc wizard.
You slash the orc!
The orc explodes!
The fiery explosion engulfs the orc wizard!!
The orc wizard explodes!
The fiery explosion engulfs you! You resist.
The fiery explosion engulfs the orc!
The orc explodes!
The fiery explosion engulfs you!! You resist.
You die...

.o.....
##..)....
#....#
#....#
#....#
#.§..#
#§§..#
#§§§.#
#@○§.#
######


There were no monsters in sight!

Vanquished Creatures
  A centaur zombie (D:5)
  An orc wizard (D:5)
  Jessica (D:3)
  3 worker ants
  Robin (D:2)
  4 adders
  2 gnolls
  A shadow imp (D:5)
  5 worms
  3 dart slugs
  2 leopard geckos
  8 orcs
  A ball python (D:4)
  4 giant cockroaches
  13 goblins
  15 hobgoblins
  5 jackals
  6 kobolds
  A quokka (D:2)
  5 bats
  6 frilled lizards
  7 rats
95 creatures vanquished.

Vanquished Creatures (collateral kills)
  A ball python (D:1)
1 creature vanquished.

Vanquished Creatures (others)
  320 foxfires
320 creatures vanquished.

Grand Total: 416 creatures vanquished

Notes
Turn   | Place    | Note
-------+----------+-------------------------------------------
     0 | D:1      | Essalna the Human Fire Elementalist began the quest for the
                  | Orb.
     0 | D:1      | Reached XP level 1. HP: 13/13 MP: 3/3
   212 | D:1      | Found a snail-covered altar of Cheibriados.
   243 | D:1      | Reached XP level 2. HP: 19/19 MP: 0/5
   917 | D:1      | Reached XP level 3. HP: 14/24 MP: 1/6
  1653 | D:2      | Reached XP level 4. HP: 30/30 MP: 6/8
  1842 | D:2      | Found an ancient bone altar of Kikubaaqudgha.
  1844 | D:2      | Found an opulent altar of Gozag.
  2399 | D:2      | Noticed Robin
  2763 | D:2      | Killed Robin
  2928 | D:3      | Noticed Jessica
  2934 | D:3      | Reached XP level 5. HP: 35/35 MP: 5/9
  3164 | D:3      | Killed Jessica
  3164 | D:3      | Reached skill level 4 in Fire Magic
  3775 | D:3      | Found a hazy altar of Hepliaklqana.
  4071 | D:2      | Reached XP level 6. HP: 27/41 MP: 2/10
  4430 | D:3      | Found an iron altar of Okawaru.
  4533 | D:3      | Found an ornate altar of the Wu Jian Council.
  4955 | D:4      | Found a shadowy altar of Dithmenos.
  4978 | D:4      | Found a staircase to the Ecumenical Temple.
  4989 | Temple   | Entered the Ecumenical Temple
  5018 | Temple   | Became a worshipper of Vehumet
  5161 | D:4      | Found a sparkling altar of Nemelex Xobeh.
  5519 | D:5      | Entered Level 5 of the Dungeon
  5621 | D:5      | Reached skill level 1 in Fighting
  5621 | D:5      | Reached skill level 1 in Armour
  5887 | D:6      | Noticed an ice beast
  5927 | D:6      | Killed from afar by an orc

Illustrated notes

Levels and vault maps discovered:
D:1:      dpeg_arrival_brainrot, layout_basic, cheibriados_altar_1
D:2:      layout_loops_ring, grunt_temple_overflow_open, first_ration,
          patterned_corridor, uniq_robin
D:3:      layout_loops_ring, lemuel_doored_altar, overflow_temple_1_default,
          serial_park_tiny_2, minivault_27, okawaru_altar_gauntlet_db,
          uniq_jessica
D:4:      layout_loops_ring, nemelex_xobeh_ov_fountains_minmay,
          marbit_many_paths, minmay_temple_entry_steel_oval
D:5:      layout_gridville
D:6:      layout_gridville, lemuel_round_altar, serial_shops,
          nicolae_shop_crystal, uniq_blork_the_orc, uniq_crazy_yiuf_cottage
Temple:   minmay_temple_bridge_abc

Skill      XL: |  1  2  3  4  5  6 |
---------------+-------------------+-----
Conjurations   | 2 3 |  3.4
Spellcasting   | 3 |  3.5
Fire Magic     | 4 |  4.4
Fighting       | 1 |  1.1
Armour         | 1 |  1.1
Dodging        | |  2.5
Stealth        | |  2.0
Shields        | |  0.7

Action                   |  1- 3 |  4- 6 || total
-------------------------+-------+-------++-------
Melee: Unarmed           |     9 |       ||     9
       Short sword       |     9 |    60 ||    69
       Hand axe          |       |     7 ||     7
 Cast: Foxfire           |    60 |   183 ||   243
  Use: Potion            |       |    11 ||    11
       Scroll            |       |     9 ||     9
 Stab: Sleeping          |     1 |     2 ||     3
  Eat: Chunk             |     3 |    10 ||    13
       Ration            |       |     1 ||     1
Armor: Robe              |     1 |    31 ||    32
Dodge: Dodged            |    28 |   132 ||   160
Block: Buckler           |       |    12 ||    12

Table legend:
 A = Non-vault XP
 B = Vault XP
 C = Vault XP percentage of total XP
 D = Non-vault monster count
 E = Vault monster count
 F = Vault count percentage of total count
                 A         B        C        D         E       F
            +---------+---------+-------+---------+---------+-------
      Total |     369 |     137 |  27.1 |      80 |      16 |  16.7
            +---------+---------+-------+---------+---------+-------
        D:1 |      45 |       2 |   4.3 |      24 |       1 |   4.0
        D:2 |      65 |      40 |  38.1 |      17 |       8 |  32.0
        D:3 |      68 |      61 |  47.3 |      27 |       6 |  18.2
        D:4 |      16 |      34 |  68.0 |       2 |       1 |  33.3
        D:5 |     172 |       0 |   0.0 |       9 |       0 |   0.0
        D:6 |       3 |       0 |   0.0 |       1 |       0 |   0.0
            +---------+---------+-------+---------+---------+-------
